PCL
SANTA MONICA BRUINS @ SPOKANE TRAPPERS
09/09/2030
 
TOP OF THE 1ST
Santa Monica Bruins batting - Pitching for Spokane Trappers : RHP Michael Morris
Pitching: RHP Michael Morris
Batting: LHB Gonzalo Benítez 0-0: Ball
1-0: SINGLE (Groundball, 4S) (infield hit)
Batting: RHB Armando Colón 0-0: Ball
1-0: Ground out 6-3 (Groundball, 6S)
Gonzalo Benítez to second
Batting: RHB Luis Martínez 0-0: Swinging Strike
Passed Ball!
Gonzalo Benítez to third
0-1: Ball
1-1: Foul Ball, location: 2F
1-2: Foul Ball, location: 2F
1-2: Ball
2-2: Ground out 5-3 (Groundball, 56S)
Gonzalo Benítez scores
Batting: LHB John White 0-0: Ground out 6-3 (Groundball, 56)
Top of the 1st over - 1 run, 1 hit, 0 errors, 0 left on base; Santa Monica 1 - Spokane 0
BOTTOM OF THE 1ST
Spokane Trappers batting - Pitching for Santa Monica Bruins : LHP Rafael Alemán
Pitching: LHP Rafael Alemán
Batting: RHB Warren Martin 0-0: Called Strike
0-1: Ball
1-1: Foul Ball, location: 2F
1-2: Ball
2-2: Ground out 6-3 (Groundball, 6)
Batting: RHB Alberto Velásquez 0-0: Called Strike
0-1: Called Strike
0-2: Ball
1-2: Ground out 6-3 (Groundball, 6MD)
Batting: LHB Lorenzo Flores 0-0: Ground out 4-3 (Groundball, 4M)
Bottom of the 1st over - 0 runs, 0 hits, 0 errors, 0 left on base; Santa Monica 1 - Spokane 0
TOP OF THE 2ND
Santa Monica Bruins batting - Pitching for Spokane Trappers : RHP Michael Morris
Batting: LHB Francisco Marino 0-0: Called Strike
0-1: Ball
1-1: Foul Ball, location: 2F
1-2: Ground out U3 (Groundball, 34S)
Batting: RHB Javier González 0-0: Called Strike
0-1: Foul Ball, location: 2F
0-2: Ball
1-2: Fly out, F8 (Flyball, 8RD)
Batting: RHB Ernest Russell 0-0: Called Strike
0-1: Swinging Strike
0-2: Ball
1-2: Strikes out swinging
Top of the 2nd over - 0 runs, 0 hits, 0 errors, 0 left on base; Santa Monica 1 - Spokane 0
BOTTOM OF THE 2ND
Spokane Trappers batting - Pitching for Santa Monica Bruins : LHP Rafael Alemán
Batting: SHB Chris Bennis 0-0: Foul Ball, location: 2F
0-1: Swinging Strike
0-2: Foul Ball, location: 2F
0-2: Ball
1-2: Fly out, F7 (Flyball, 7D)
Batting: RHB Freddy Padilla 0-0: Ball
1-0: Ball
2-0: Called Strike
2-1: Fly out, F8 (Flyball, 89D)
Batting: LHB Harry Pitts 0-0: Called Strike
0-1: Ball
1-1: Ball
2-1: Foul Ball, location: 2F
2-2: Ball
3-2: Base on Balls
Batting: SHB Juan Acevado 0-0: Called Strike
0-1: Swinging Strike
0-2: Strikes out swinging
Bottom of the 2nd over - 0 runs, 0 hits, 0 errors, 1 left on base; Santa Monica 1 - Spokane 0
TOP OF THE 3RD
Santa Monica Bruins batting - Pitching for Spokane Trappers : RHP Michael Morris
Batting: RHB Ramón Ramírez 0-0: Swinging Strike
0-1: Swinging Strike
0-2: Strikes out looking
Batting: RHB Dave King 0-0: Ball
1-0: Called Strike
1-1: Foul Ball, location: 2F
1-2: Foul Ball, location: 2F
1-2: Ball
2-2: Ball
3-2: Foul Ball, location: 2F
3-2: Ground out 6-3 (Groundball, 6)
Batting: LHB Gonzalo Benítez 0-0: Swinging Strike
0-1: Ball
1-1: Ball
2-1: Swinging Strike
2-2: Strikes out looking
Top of the 3rd over - 0 runs, 0 hits, 0 errors, 0 left on base; Santa Monica 1 - Spokane 0
BOTTOM OF THE 3RD
Spokane Trappers batting - Pitching for Santa Monica Bruins : LHP Rafael Alemán
Batting: RHB Mario Carranza 0-0: Swinging Strike
0-1: Ball
1-1: Ball
2-1: Foul Ball, location: 2F
2-2: Ground out 5-3 (Groundball, 56)
Batting: RHB Juan Velásquez 0-0: Ball
1-0: Foul Ball, location: 2F
1-1: Ball
2-1: Called Strike
2-2: Foul Ball, location: 2F
2-2: Ground out 1-3 (Groundball, 13S)
Batting: RHB Warren Martin 0-0: Ball
1-0: Fly out, F7 (Flyball, 7LS)
Bottom of the 3rd over - 0 runs, 0 hits, 0 errors, 0 left on base; Santa Monica 1 - Spokane 0
TOP OF THE 4TH
Santa Monica Bruins batting - Pitching for Spokane Trappers : RHP Michael Morris
Batting: RHB Armando Colón 0-0: Called Strike
0-1: Foul Ball, location: 2F
0-2: Foul Ball, location: 2F
0-2: Foul Ball, location: 2F
0-2: Strikes out swinging
Batting: RHB Luis Martínez 0-0: Foul Ball, location: 2F
0-1: Called Strike
0-2: Ball
1-2: Fly out, F7 (Flyball, 7S)
Batting: LHB John White 0-0: Foul Ball, location: 2F
0-1: Ball
1-1: Ball
2-1: Called Strike
2-2: DOUBLE (Groundball, 3L)
Batting: LHB Francisco Marino 0-0: Ball
1-0: Ball
2-0: Ground out 5-3 (Groundball, 56)
Top of the 4th over - 0 runs, 1 hit, 0 errors, 1 left on base; Santa Monica 1 - Spokane 0
BOTTOM OF THE 4TH
Spokane Trappers batting - Pitching for Santa Monica Bruins : LHP Rafael Alemán
Batting: RHB Alberto Velásquez 0-0: SINGLE (Line Drive, 8LS)
Batting: LHB Lorenzo Flores 0-0: Ball
1-0: Called Strike
Alberto Velásquez steals 2nd base
1-1: Fly out, F9 (Flyball, 89S)
Batting: SHB Chris Bennis 0-0: Ball
1-0: Foul Ball, location: 2F
1-1: Ball
2-1: Ball
3-1: Base on Balls
Batting: RHB Freddy Padilla 0-0: Ball
1-0: Called Strike
1-1: Ball
2-1: Ball
3-1: Called Strike
3-2: Grounds into double play, 4-6-3 (Groundball, 4)
Bottom of the 4th over - 0 runs, 1 hit, 0 errors, 1 left on base; Santa Monica 1 - Spokane 0
TOP OF THE 5TH
Santa Monica Bruins batting - Pitching for Spokane Trappers : RHP Michael Morris
Batting: RHB Javier González 0-0: Ball
1-0: Bunted foul
1-1: Swinging Strike
1-2: Strikes out swinging
Batting: RHB Ernest Russell 0-0: Ball
1-0: Foul Ball, location: 2F
1-1: Called Strike
1-2: Foul Ball, location: 2F
1-2: Strikes out swinging
Batting: RHB Ramón Ramírez 0-0: SOLO HOME RUN (Flyball, 7D), Distance : 380 ft
Batting: RHB Dave King 0-0: Ground out 1-3 (Groundball, 13)
Top of the 5th over - 1 run, 1 hit, 0 errors, 0 left on base; Santa Monica 2 - Spokane 0
BOTTOM OF THE 5TH
Spokane Trappers batting - Pitching for Santa Monica Bruins : LHP Rafael Alemán
Batting: LHB Harry Pitts 0-0: Called Strike
0-1: Swinging Strike
0-2: Ball
1-2: Strikes out looking
Batting: SHB Juan Acevado 0-0: Ball
1-0: Swinging Strike
1-1: Called Strike
1-2: Ball
2-2: Strikes out swinging
Batting: RHB Mario Carranza 0-0: Ball
1-0: Called Strike
1-1: Called Strike
1-2: Ground out 6-3 (Groundball, 6)
Bottom of the 5th over - 0 runs, 0 hits, 0 errors, 0 left on base; Santa Monica 2 - Spokane 0
TOP OF THE 6TH
Santa Monica Bruins batting - Pitching for Spokane Trappers : RHP Michael Morris
Batting: LHB Gonzalo Benítez 0-0: Ball
1-0: Ground out 5-3 (Groundball, 56)
Batting: RHB Armando Colón 0-0: SINGLE (Line Drive, 4MD)
Batting: RHB Luis Martínez 0-0: Ball
1-0: Foul Ball, location: 2F
1-1: Foul Ball, location: 2F
1-2: Foul Ball, location: 2F
1-2: Grounds into double play, 5-4-3 (Groundball, 56)
Top of the 6th over - 0 runs, 1 hit, 0 errors, 0 left on base; Santa Monica 2 - Spokane 0
BOTTOM OF THE 6TH
Spokane Trappers batting - Pitching for Santa Monica Bruins : LHP Rafael Alemán
Batting: RHB Juan Velásquez 0-0: Called Strike
0-1: Called Strike
0-2: Strikes out swinging
Batting: RHB Warren Martin 0-0: Ground out 4-3 (Groundball, 4)
Batting: RHB Alberto Velásquez 0-0: Ball
1-0: Fly out, F3 (Popup, 3SF)
Bottom of the 6th over - 0 runs, 0 hits, 0 errors, 0 left on base; Santa Monica 2 - Spokane 0
TOP OF THE 7TH
Santa Monica Bruins batting - Pitching for Spokane Trappers : RHP Michael Morris
Batting: LHB John White 0-0: Ball
1-0: SINGLE (Groundball, 4MD)
Batting: LHB Francisco Marino 0-0: Called Strike
0-1: Called Strike
0-2: Ball
1-2: Foul Ball, location: 2F
1-2: Strikes out swinging
Batting: RHB Javier González 0-0: Foul Ball, location: 2F
0-1: Ball
1-1: Ball
2-1: Swinging Strike
2-2: Fly out, F8 (Line Drive, 8LM)
Batting: RHB Ernest Russell 0-0: Foul Ball, location: 2F
0-1: Fielders Choice at 2nd, 6-4 (Groundball, 6)
Top of the 7th over - 0 runs, 1 hit, 0 errors, 1 left on base; Santa Monica 2 - Spokane 0
BOTTOM OF THE 7TH
Spokane Trappers batting - Pitching for Santa Monica Bruins : LHP Rafael Alemán
Batting: LHB Lorenzo Flores 0-0: Ground out 3-1 (Groundball, 34)
Batting: SHB Chris Bennis 0-0: Ball
1-0: Swinging Strike
1-1: Foul Ball, location: 2F
1-2: Ball
2-2: Foul Ball, location: 2F
2-2: Ball
3-2: Ground out 4-3 (Groundball, 4M)
Batting: RHB Freddy Padilla 0-0: Called Strike
0-1: Ball
1-1: Ball
2-1: Ground out 1-3 (Groundball, 13S)
Bottom of the 7th over - 0 runs, 0 hits, 0 errors, 0 left on base; Santa Monica 2 - Spokane 0
TOP OF THE 8TH
Santa Monica Bruins batting - Pitching for Spokane Trappers : RHP Michael Morris
Batting: RHB Ramón Ramírez 0-0: Ground out 6-3 (Groundball, 6)
Batting: RHB Dave King 0-0: Ball
1-0: Called Strike
1-1: Called Strike
1-2: Ball
2-2: Foul Ball, location: 2F
2-2: Ground out U3 (Groundball, 34S)
Batting: LHB Gonzalo Benítez 0-0: Foul Ball, location: 2F
0-1: Called Strike
0-2: Strikes out swinging
Top of the 8th over - 0 runs, 0 hits, 0 errors, 0 left on base; Santa Monica 2 - Spokane 0
BOTTOM OF THE 8TH
Spokane Trappers batting - Pitching for Santa Monica Bruins : LHP Rafael Alemán
Batting: LHB Harry Pitts 0-0: Ball
1-0: Foul Ball, location: 2F
1-1: Ball
2-1: Fly out, F7 (Line Drive, 7)
Batting: SHB Juan Acevado 0-0: Ground out U3 (Groundball, 3S)
Batting: RHB Mario Carranza 0-0: Ball
1-0: Ball
2-0: Ball
3-0: Called Strike
3-1: Base on Balls
Batting: RHB Juan Velásquez 0-0: Swinging Strike
0-1: Foul Ball, location: 2F
0-2: Ball
1-2: Foul Ball, location: 2F
1-2: Ball
2-2: Strikes out looking
Bottom of the 8th over - 0 runs, 0 hits, 0 errors, 1 left on base; Santa Monica 2 - Spokane 0
TOP OF THE 9TH
Santa Monica Bruins batting - Pitching for Spokane Trappers : RHP Michael Morris
Batting: RHB Armando Colón 0-0: Ground out 6-3 (Groundball, 6)
Batting: RHB Luis Martínez 0-0: Called Strike
0-1: Ball
1-1: Called Strike
1-2: Strikes out swinging
Batting: LHB John White 0-0: Ball
1-0: DOUBLE (Line Drive, 89XD)
Batting: LHB Francisco Marino 0-0: Ball
1-0: Called Strike
1-1: Fly out, F4 (Line Drive, 4)
Top of the 9th over - 0 runs, 1 hit, 0 errors, 1 left on base; Santa Monica 2 - Spokane 0
BOTTOM OF THE 9TH
Spokane Trappers batting - Pitching for Santa Monica Bruins : LHP Rafael Alemán
Pitching: RHP Soichiro Ikeda
Batting: RHB Warren Martin 0-0: Ball
1-0: Ground out 6-3 (Groundball, 6)
Batting: RHB Alberto Velásquez 0-0: Called Strike
0-1: Swinging Strike
0-2: Ball
1-2: Ball
2-2: Ball
3-2: Strikes out swinging
Batting: LHB Lorenzo Flores 0-0: Ball
1-0: Fly out, F3 (Popup, 3SF)
Bottom of the 9th over - 0 runs, 0 hits, 0 errors, 0 left on base; Santa Monica 2 - Spokane 0
Saturday, April 7th, 2018 - OOTP Baseball 18.8 Build 76